 Dungeon Crawl Stone Soup version 0.31-a0-115-g4708a659fe (webtiles) character file.

Game seed: 16165084970276617967

164 jlumianski the Chopper (level 5, 0/41 HPs)
             Began as a Demonspawn Fighter on May 30, 2023.
             Slain by Grinder (6 damage)
             ... while paralysed by Grinder
             ... on level 5 of the Dungeon.
             The game lasted 00:08:30 (1643 turns).

jlumianski the Chopper (Demonspawn Fighter)         Turns: 1643, Time: 00:08:33

Health: 0/41       AC: 11    Str: 24    XL:     5   Next: 21%
Magic:  5/5        EV:  2    Int: 10    God:
Gold:   96         SH:  0    Dex: 12    Spells: 4/4 levels left

rFire   . . .        a - +0 war axe
rCold   . . .        c - +0 buckler
rNeg    . . .        b - +0 scale mail
rPois   .            o - +1 hat
rElec   .            (no cloak)
rCorr   +            m - +2 pair of gloves of Duty {rCorr}
SInv    .            (no boots)
Will    .....        (no amulet) Stlth
                     l - +6 ring of strength
HPRegen 0.26/turn    (no ring)
MPRegen 0.09/turn

%: no passive effects
@: paralysed, mighty, agile
A: antennae 1, powered by pain 1, weakness stinger 1
a: no special abilities


You were on level 5 of the Dungeon.
You visited 1 branch of the dungeon, and saw 6 of its levels.

You collected 96 gold pieces.

Inventory:

Hand Weapons
 a - a +0 war axe (weapon)
 p - a +0 lajatang
Missiles
 f - 3 atropa-tipped darts (quivered)
 j - 29 stones
Armour
 b - a +0 scale mail (worn)
 c - a +0 buckler (worn)
 m - the +2 pair of gloves of Duty (worn) {rCorr}
   (You found it on level 3 of the Dungeon)

   rCorr:     It protects you from acid and corrosion.
 o - a +1 hat (worn)
Jewellery
 l - a +6 ring of strength (left hand)
Scrolls
 e - 2 scrolls of teleportation
 g - a scroll of enchant weapon
 h - a scroll of immolation
 k - a scroll of noise
Potions
 n - a potion of magic


   Skills:
 + Level 3.4 Fighting
 + Level 4.1 Axes
 + Level 3.2 Armour
 + Level 0.1 Stealth
 + Level 3.0 Shields


You had 4 spell levels left.
You didn't know any spells.
Your spell library contained the following spells:

 Spells                   Type           Power      Damage    Failure   Level
 Sting                    Tmut/Pois      0%         1d3       73%         1
 Poisonous Vapours        Pois/Air       0%         N/A       86%         2
 Olgreb's Toxic Radiance  Pois           0%         N/A       100%        4


Dungeon Overview and Level Annotations

Branches:
Dungeon (6/15)
 Temple: D:4-7

Altars:
Cheibriados
Fedhas

Shops:
D:2 [   D:3 *

Annotations:
D:5 Grinder


Innate Abilities, Weirdness & Mutations

You have a pair of small antennae on your head.
You sometimes gain a little power by taking damage.
You have a small tail.


Message History

As you read the scroll labelled DOMUXZ FAPONEA, it crumbles to dust.
It was a scroll of blinking.
Grinder comes into view.
Throw: 3 darts (atropa)
Press: ? - help, Q - select action, (/) - cycle Shift-Dir - straight line, f - Grinder
Aim: Grinder (53% to hit, chance to blind on hit: 3%)
Okay, then.
You hit Grinder.
You tail-slap Grinder, but do no damage.
Grinder is lightly wounded.
Grinder gestures at you.
You suddenly lose the ability to move!
Grinder hits you but does no damage. Grinder barely misses you.
Grinder hits you!
You focus on the pain.
You feel agile all of a sudden.
You writhe in agony.
Grinder gestures at you. Pain shoots through your body!
You focus on the pain.
You feel more agile all of a sudden.
You can move again.
You feel very mighty all of a sudden. Grinder gestures at you.
Pain shoots through your body!
* * * LOW HITPOINT WARNING * * *
You closely miss Grinder.
Grinder is lightly wounded.
Grinder completely misses you. x2
You slash Grinder!
Your tail-slap misses Grinder.
Grinder is heavily wounded.
You block Grinder's attack.
You closely miss Grinder.
Grinder is heavily wounded.
Grinder hits you but does no damage.
You hit Grinder.
Your tail-slap misses Grinder.
Grinder is heavily wounded.
Grinder gestures at you.
You suddenly lose the ability to move!
Grinder hits you.
* * * LOW HITPOINT WARNING * * *
You writhe in agony.
You die...

#######
##.....####
#...~~.#..#
#...⌠~....#
#..~.~....#
#....@5...#
#............
#............
#.......##...
........## ..
##......... .
#.........##
....#.......#.#
.....


You could see Grinder.

Vanquished Creatures
  Blork the orc (D:4)
  3 adders
  An ufetubus (D:5)
  2 worms (D:3)
  3 dart slugs
  2 orcs (D:5)
  3 ball pythons
  A bat (D:2)
  2 endoplasms (D:3)
  6 giant cockroaches
  4 goblins
  9 hobgoblins
  3 jackals (D:1)
  2 quokkas (D:1)
  3 frilled lizards (D:1)
  A kobold (D:1)
  3 rats
49 creatures vanquished.

Notes
Turn   | Place    | Note
-------+----------+-------------------------------------------
     0 | D:1      | jlumianski the Demonspawn Fighter began the quest for the
                  | Orb.
     0 | D:1      | Reached XP level 1. HP: 18/18 MP: 1/1
   107 | D:1      | Reached skill level 2 in Axes
   139 | D:1      | Gained mutation: You sometimes gain a little power by
                  | taking damage. [demonic ancestry]
   139 | D:1      | Reached XP level 2. HP: 23/24 MP: 2/2
   153 | D:1      | You fall into a shaft and drop 1 floor!
   459 | D:1      | Reached XP level 3. HP: 27/29 MP: 3/3
   827 | D:3      | Found a snail-covered altar of Cheibriados.
   828 | D:3      | Identified the +2 pair of gloves of Duty {rCorr}
   871 | D:2      | Found a faded altar of an unknown god.
   922 | D:2      | Found Udesep's Armour Shop.
  1171 | D:2      | Reached skill level 3 in Axes
  1272 | D:3      | Found Otidgh's Assorted Antiques.
  1405 | D:3      | Discovered your monstrous ancestry.
  1405 | D:3      | Gained mutation: You have a pair of small antennae on your
                  | head. [demonic ancestry]
  1405 | D:3      | Reached XP level 4. HP: 29/35 MP: 4/4
  1497 | D:5      | Entered Level 5 of the Dungeon
  1540 | D:6      | Found a blossoming altar of Fedhas.
  1555 | D:6      | Noticed a scorpion
  1555 | D:6      | Noticed a sky beast
  1570 | D:4      | Noticed Blork the orc
  1575 | D:4      | Killed Blork the orc
  1576 | D:4      | Reached skill level 4 in Axes
  1576 | D:4      | Gained mutation: You have a small tail. [demonic ancestry]
  1576 | D:4      | Reached XP level 5. HP: 24/41 MP: 5/5
  1630 | D:5      | Noticed Grinder
  1634 | D:5      | Paralysed by Grinder for 5 turns
  1643 | D:5      | Paralysed by Grinder for 5 turns
  1643 | D:5      | Slain by Grinder

Illustrated notes

Levels and vault maps discovered:
D:1:      lightli_iron_boxes, layout_loops_cross
D:2:      layout_loops_corners, serial_shops, nicolae_shop_just_a_little_nook,
          hellmonk_ecumenical_altar_run_dry, kennysheep_generic_room_12,
          uniq_sigmund
D:3:      cheibrodos_greedy_goblins, layout_basic,
          nicolae_overflow_crystal_walls, cheibriados_altar_1, serial_shops,
          nicolae_shop_overgrown_old_shop, dk_vineyard_1, uniq_jessica
D:4:      layout_basic, nicolae_ru_awakened_eye, minmay_vboxes, uniq_ijyb,
          uniq_blork_the_orc, uniq_edmund, uniq_natasha, uniq_eustachio
D:5:      layout_cave_pools, hangedman_decor_peaks_small, chequers_arboretum,
          corexii_leaking_fountain, chequers_serial_rivers_marsh,
          minmay_misc_feat_enclosed, uniq_grinder, uniq_crazy_yiuf_cottage
D:6:      layout_loops_ring, mainiacjoe_overflow_paths, temple_doors_cd,
          gup_sewer_entry_bowl, minmay_misc_feat_roman

Skill      XL: |  1  2  3  4 |
---------------+-------------+-----
Axes           | 2 3 4 |  4.1
Armour         | 3 |  3.2
Shields        | 3 |  3.0
Fighting       | |  3.4
Stealth        | |  0.1

Action                     |  1- 3 |  4- 6 || total
---------------------------+-------+-------++-------
  Melee: War axe           |   121 |    27 ||   148
         Tailslap          |       |     2 ||     2
  Throw: Dart              |       |     1 ||     1
    Use: Scroll            |       |     6 ||     6
         Potion            |       |     1 ||     1
 Armour: Scale mail        |    69 |    22 ||    91
  Dodge: Dodged            |    53 |    15 ||    68
  Block: Buckler           |    25 |     8 ||    33

Table legend: (Time is in decaauts)
 A = Elapsed time spent in this place.
 B = Non-inter-level travel time spent in this place.
 C = Inter-level travel time spent in this place.
 D = Time resting spent in this place.
 E = Time spent auto-exploring this place.
 F = Levels seen in this place.
 G = Mean time per level.
                   A        B        C        D        E       F      G
               +--------+--------+--------+--------+--------+-----+--------+
         Total |   1704 |   1687 |     17 |      0 |    728 |   6 |  284.0 |
       Dungeon |   1704 |   1687 |     17 |      0 |    728 |   6 |  284.0 |
               +--------+--------+--------+--------+--------+-----+--------+

Top non-repeatable levels by time:
     D:1: 754 daAuts
     D:2: 522 daAuts
     D:3: 199 daAuts
     D:4: 111 daAuts
     D:5: 100 daAuts
     D:6: 17 daAuts
